 Dungeon Crawl Stone Soup version 0.31.0 (webtiles) character file.

Game seed: 985814677241270313

80 qw the Shooter (level 4, -4/28 HPs)
             Began as a Gargoyle Hunter on Jan 19, 2024.
             Slain by a black bear (7 damage)
             ... on level 3 of the Dungeon.
             The game lasted 00:00:05 (1740 turns).

qw the Shooter (Gargoyle Hunter)                    Turns: 1740, Time: 00:00:06

Health: -4/28      AC:  8    Str: 14    XL:     4   Next: 39%
Magic:  4/4        EV: 10    Int: 10    God:
Gold:   135        SH:  0    Dex: 15    Spells: 3/3 levels left

rFire   . . .        a - +0 shortbow
rCold   . . .        (shield currently unavailable)
rNeg    + . .        d - +0 ring mail
rPois   inf          (no helmet)
rElec   +            (no cloak)
rCorr   .            (no gloves)
SInv    +            (no boots)
Will    .....        (no amulet)
Stlth   +            c - ring of see invisible
HPRegen 0.24/turn    (no ring)
MPRegen 0.09/turn

%: no passive effects
@: no status effects
A: sickness immunity, AC +3, negative energy resistance 1, electricity
resistance, torment resistance 1, petrification resistance
a: no special abilities


You were on level 3 of the Dungeon.
You visited 1 branch of the dungeon, and saw 3 of its levels.

You collected 135 gold pieces.


Innate Abilities, Weirdness & Mutations

You are immune to sickness and miasma.
Your stone body is resilient. (AC +3)
You are immune to poison.
You resist negative energy. (rN+)
You are resistant to electric shocks. (rElec)
You are resistant to unholy torment.
You are immune to petrification.


   Skills:
 - Level 3.2 Fighting
 + Level 5.1 Ranged Weapons
 - Level 1.0 Armour
 - Level 1.5 Dodging
 - Level 1.1 Stealth


You had 3 spell levels left.
You didn't know any spells.
Your spell library was empty.

Inventory:

Hand Weapons
 a - a +0 shortbow (weapon)
Armour
 d - a +0 ring mail (worn)
Jewellery
 c - a ring of see invisible (left hand)
Potions
 e - a potion of haste
 g - a potion of curing {unknown}

Dungeon Overview and Level Annotations

Branches:
Dungeon (3/15)

Altars:

Annotations:
D:2 1 runed translucent door, Crazy Yiuf


Message History

You shoot an arrow. The arrow hits the black bear.
The black bear is heavily wounded.
The black bear bites you.
The black bear claws you but does no damage. x2
You shoot an arrow. The arrow barely misses the black bear.
The black bear closely misses you.
The black bear claws you but does no damage. x2
You shoot an arrow.
The arrow hits the black bear but does no damage.
The black bear is heavily wounded.
The black bear bites you but does no damage.
The black bear claws you but does no damage.
The black bear claws you. The black bear bites you.
The black bear claws you but does no damage.
The black bear claws you.
You shoot an arrow. The arrow hits the black bear.
The black bear is heavily wounded.
The black bear barely misses you.
The black bear claws you but does no damage.
The black bear closely misses you.
You shoot an arrow. The arrow hits the black bear.
The black bear is severely wounded.
The black bear bites you but does no damage.
The black bear claws you but does no damage.
The black bear barely misses you.
You shoot an arrow. The arrow hits the black bear!
The black bear is almost dead.
The black bear goes berserk!
You shoot an arrow.
The arrow hits the black bear but does no damage.
The black bear is almost dead.
The black bear bites you! The black bear completely misses you.
The black bear claws you.
The black bear bites you but does no damage.
The black bear claws you but does no damage. x2
You shoot an arrow. The arrow barely misses the black bear.
The black bear bites you.
The black bear claws you but does no damage. x2
The black bear bites you!
You die...

#.......########..#
#...#.............#
#......##|#######.#
...........##.[....#
#.#..#....#.##.######
#.##.#.##....#.#
.##... #.........#
...!..####.###.######
......h@%...........#
......####.#..#####.#
..... #...#..# ....
#.###.## ... #.....#
~$ ####### _


You could see a black bear (berserk).

Vanquished Creatures
  3 adders (D:2)
  2 dart slugs (D:1)
  2 ball pythons (D:1)
  4 endoplasms (D:1)
  A giant cockroach (D:1)
  4 goblins
  A hobgoblin (D:2)
  6 jackals
  6 kobolds
  4 quokkas
  3 bats
  4 frilled lizards
  8 rats
48 creatures vanquished.

Notes
Turn   | Place    | Note
-------+----------+-------------------------------------------
     0 | D:1      | qw the Gargoyle Hunter began the quest for the Orb.
     0 | D:1      | Reached XP level 1. HP: 12/12 MP: 1/1
     0 | D:1      | 0 ||| qw: Version: 0.3-a-132-g3d54051
     0 | D:1      | 0 ||| qw: Game counter: 279
     0 | D:1      | 0 ||| qw: Melee chars always use a shield: true
     0 | D:1      | 0 ||| qw: God list: Okawaru
     0 | D:1      | 0 ||| qw: Allow faded altars: false
     0 | D:1      | 0 ||| qw: Do Orc after clearing Dungeon:15 true
     0 | D:1      | 0 ||| qw: Do second Lair branch before Depths: true
     0 | D:1      | 0 ||| qw: Lair rune preference: random
     0 | D:1      | 0 ||| qw: Goals: Normal
     0 | D:1      | 0 ||| PLANNING D:1-11
    18 | D:1      | 18 ||| DROPPING scroll of butterflies.
   119 | D:1      | Reached XP level 2. HP: 17/17 MP: 2/2
   468 | D:1      | Reached XP level 3. HP: 21/21 MP: 3/3
   490 | D:1      | 490 ||| UPGRADING to +0 ring mail.
   496 | D:1      | Reached skill level 5 in Ranged Weapons
   498 | D:1      | 498 ||| UPGRADING to +0 ring mail.
   508 | D:1      | 508 ||| DROPPING +0 leather armour.
   761 | D:1      | 761 ||| UPGRADING to ring of see invisible.
   762 | D:1      | 762 ||| READING scroll labelled EKHLYZ RAYH.
   763 | D:1      | 763 ||| READING scroll labelled UZUIMO RAIJULL.
   764 | D:1      | 764 ||| READING scroll labelled MUROAZ UGAI.
   764 | D:1      | 764 ||| ENCHANTING +0 shortbow.
   765 | D:1      | 765 ||| READING scroll labelled QIFINU JARRAF.
   954 | D:2      | Reached skill level 1 in Armour
   998 | D:2      | 998 ||| FLEEEEING.
  1235 | D:2      | Reached XP level 4. HP: 27/27 MP: 4/4
  1276 | D:2      | Reached skill level 3 in Fighting
  1301 | D:2      | 1301 ||| FLEEEEING.
  1518 | D:2      | Found a runed translucent door.
  1519 | D:2      | Noticed Crazy Yiuf
  1573 | D:2      | 1573 ||| READING 2 scrolls labelled WUAMMI UGO.
  1573 | D:2      | 1573 ||| IDENTIFYING brown potion
  1574 | D:2      | 1574 ||| READING scroll of identify.
  1574 | D:2      | 1574 ||| IDENTIFYING murky clear potion
  1575 | D:2      | 1575 ||| DROPPING potion of degeneration.
  1722 | D:3      | Found a faded altar of an unknown god.
  1726 | D:3      | Noticed a black bear
  1739 | D:3      | HP: 7/28 [black bear (2)]
  1740 | D:3      | HP: 3/28 [black bear (4)]
  1740 | D:3      | Slain by a black bear

Levels and vault maps discovered:
D:1:      minmay_arrival_doors, layout_loops_ring, serial_park_tiny_2,
          minmay_3d_cube
D:2:      layout_loops_ring, bh_walls_and_bars, uniq_crazy_yiuf_cottage
D:3:      layout_basic, hellmonk_ecumenical_altar_pennies_from_heaven

Skill      XL: |  1  2  3  4 |
---------------+-------------+-----
Ranged Weapons | 5 |  5.1
Armour         | 1 |  1.0
Fighting       | 3 |  3.2
Dodging        | |  1.5
Stealth        | |  1.1

Action                     |  1- 3 |  4- 6 || total
---------------------------+-------+-------++-------
   Fire: Shortbow          |   125 |    34 ||   159
    Use: Scroll            |     4 |     2 ||     6
 Armour: Leather armour    |    28 |       ||    28
         Ring mail         |    22 |    38 ||    60
  Dodge: Dodged            |    25 |    18 ||    43

Table legend:
 A = Non-vault XP
 B = Vault XP
 C = Vault XP percentage of total XP
 D = Non-vault monster count
 E = Vault monster count
 F = Vault count percentage of total count
                 A         B        C        D         E       F
            +---------+---------+-------+---------+---------+-------
      Total |     108 |       7 |   6.1 |      45 |       3 |   6.2
            +---------+---------+-------+---------+---------+-------
        D:1 |      41 |       7 |  14.6 |      24 |       3 |  11.1
        D:2 |      64 |       0 |   0.0 |      18 |       0 |   0.0
        D:3 |       3 |       0 |   0.0 |       3 |       0 |   0.0
            +---------+---------+-------+---------+---------+-------
